 Dungeon Crawl Stone Soup version 0.28-a0-804-g60983d4ba9 (webtiles) character file.

Game seed: 9476691513796402410

35 vurker the Digger (level 3, 0/28 HPs)
             Began as a Demigod Earth Elementalist on Nov 7, 2021.
             Slain by Terence (6 damage)
             ... on level 1 of the Dungeon.
             The game lasted 00:02:13 (1349 turns).

vurker the Digger (Demigod Earth Elementalist)      Turns: 1349, Time: 00:02:14

Health: 0/28       AC:  2    Str:  9    XL:     3   Next: 2%
Magic:  3/9        EV: 12    Int: 21    God:
Gold:   21         SH:  5    Dex: 14    Spells: 2/6 levels left

rFire   . . .      SeeInvis .   k - +0 short sword
rCold   . . .      Faith    .   (no shield)
rNeg    . . .      Spirit   .   b - +0 robe
rPois   .          Reflect  +   (no helmet)
rElec   .          Harm     .   (no cloak)
rCorr   .          Rampage  .   (no gloves)
Will    .....                   (no boots)
Stlth   ++........              f - amulet of reflection
HPRegen 0.09/turn               (no ring)
MPRegen 0.11/turn               (no ring)

@: hasted, very quick
A: high mp 1, forlorn
a: no special abilities


You were on level 1 of the Dungeon.
You visited 1 branch of the dungeon, and saw 2 of its levels.

You collected 21 gold pieces.

Inventory:

Hand Weapons
 k - a +0 short sword (weapon)
   (You took it off a kobold on level 1 of the Dungeon)
Missiles
 c - 29 stones
 h - a throwing net
Armour
 b - a +0 robe (worn)
Jewellery
 f - an amulet of reflection (around neck)
   (You found it on level 1 of the Dungeon)
Scrolls
 a - a scroll of enchant armour {unknown}
 d - a scroll of magic mapping {unknown}
 e - a scroll of noise {unknown}
 g - a scroll of acquirement {unknown}
 i - 2 scrolls of identify {unknown}


   Skills:
 + Level 1.0 Fighting
 - Level 1.7 Dodging
 - Level 1.7 Stealth
 * Level 2.3 Spellcasting
 + Level 0.0 Conjurations
 - Level 0.8 Transmutations
 * Level 3.2 Earth Magic


You had 2 spell levels left.
You knew the following spells:

 Your Spells              Type           Power      Damage    Failure   Level
a - Sandblast             Erth           32%        2d9       3%          1
b - Stone Arrow           Conj/Erth      18%        3d8       22%         3

Your spell library contained the following spells:

 Spells                   Type           Power      Damage    Failure   Level
 Passwall                 Tmut/Erth      9%         N/A       10%         2
 Petrify                  Tmut/Erth      11%        N/A       52%         4
 Animate Armour           Summ/Erth      18%        N/A       58%         4
 Lehudib's Crystal Spear  Conj/Erth      4%         10d3      100%        8


Dungeon Overview and Level Annotations

Branches:
Dungeon (2/15)

Annotations:
D:1 Terence


Innate Abilities, Weirdness & Mutations

Your attributes grow dramatically as you level up.
You have an increased reservoir of magic. (+10% MP)
You shall have no god before yourself.


Message History

Found a stone staircase leading down.
A goblin comes into view. It is wielding a +0 club.
Aim: a goblin, wielding a +0 club (asleep, 100% to hit)
The blast of sand hits the goblin!
You kill the goblin!
Found a stone staircase leading up.
Things that are here:
a +0 club; a goblin corpse You open the door.
There is an open door here.
There is a stone staircase leading up here.
Found 22 stones.
Found an escape hatch in the ceiling.
c - 36 stones (gained 22)
A worm and Terence come into view.
Terence is wielding a +0 falchion and carrying a wand of flame (16).
Terence moves out of view.
Terence zaps a wand.
The puff of flame hits you.
There is a stone staircase leading up here.
You can't see any susceptible monsters within range! (Use Z to cast anyway.)
Aim: Terence, wielding a +0 falchion, wearing a +0 chain mail and carrying a wand of flame (15) (85% to hit)
The blast of sand hits Terence but does no damage.
Aim: Terence, wielding a +0 falchion, wearing a +0 chain mail and carrying a wand of flame (15) (85% to hit)
The blast of sand hits Terence.
Terence zaps a wand.
The puff of flame hits you.
You climb upwards.
There is a stone staircase leading down here.
Aim: Terence, wielding a +0 falchion, wearing a +0 chain mail and carrying a wand of flame (14) (lightly wounded, 85% to hit)
The blast of sand hits Terence but does no damage.
Terence hits you with a +0 falchion.
Aim: Terence, wielding a +0 falchion, wearing a +0 chain mail and carrying a wand of flame (14) (lightly wounded, 85% to hit)
The blast of sand hits Terence but does no damage.
Terence zaps a wand.
The puff of flame hits you.
* * * LOW HITPOINT WARNING * * *
Aim: Terence, wielding a +0 falchion, wearing a +0 chain mail and carrying a wand of flame (13) (lightly wounded, 85% to hit)
The blast of sand hits Terence but does no damage.
Terence hits you with a +0 falchion!
* * * LOW HITPOINT WARNING * * *
You aren't carrying any items that you can evoke.
It was a potion of haste.
You feel yourself speed up. You block Terence's attack.
Aim: Terence, wielding a +0 falchion, wearing a +0 chain mail and carrying a wand of flame (13) (lightly wounded, 85% to hit)
The blast of sand hits Terence.
Aim: Terence, wielding a +0 falchion, wearing a +0 chain mail and carrying a wand of flame (13) (moderately wounded, 85% to hit)
The blast of sand hits Terence but does no damage.
Terence hits you with a +0 falchion.
You die...

#................#####
#......##.............
#.#....##.######..#.#.
##.##...##.# #......
#....)..##.# ###.#.#.
##.###..##.# ##.......
### #..##.# ##......##
#..##.# #........#
#@.##.# #..#.....#
#@.#..# #...##....
#..#.## #...####..
#..#)# #....# ###
#..#.####....## #
#..#.##.......# ##
##..#.##.......###.
##..............##..
##.#......[....####..


You could see Terence.

Vanquished Creatures
  A worm (D:2)
  A dart slug (D:1)
  2 ball pythons (D:1)
  2 bats
  2 endoplasms (D:1)
  A giant cockroach (D:1)
  8 goblins
  A hobgoblin (D:1)
  A quokka (D:1)
  A frilled lizard (D:1)
  A kobold (D:1)
  6 rats (D:1)
27 creatures vanquished.

Notes
Turn   | Place    | Note
-------+----------+-------------------------------------------
     0 | D:1      | vurker the Demigod Earth Elementalist began the quest for
                  | the Orb.
     0 | D:1      | Reached XP level 1. HP: 14/14 MP: 5/5
   251 | D:1      | Reached XP level 2. HP: 22/22 MP: 5/7
   277 | D:1      | Reached skill level 3 in Earth Magic
  1268 | D:2      | Reached skill level 1 in Fighting
  1268 | D:2      | Reached XP level 3. HP: 27/28 MP: 7/9
  1272 | D:2      | Learned a level 3 spell: Stone Arrow
  1325 | D:2      | Noticed Terence
  1349 | D:1      | Slain by Terence

Illustrated notes

Levels and vault maps discovered:
D:1:      onia_arrival_pentagram, layout_loops_ring
D:2:      layout_basic, serial_shops, nicolae_shop_window_shopping,
          nicolae_shop_crystal, chequers_serial_rivers_room_a,
          kennysheep_decorative_pillar, minmay_tromino_v4_b, uniq_terence

Skill      XL: |  1  2 |
---------------+-------+-----
Spellcasting   | 2 |  2.3
Earth Magic    | 3 |  3.2
Fighting       | 1 |  1.0
Dodging        | |  1.7
Stealth        | |  1.7
Transmutations | |  0.8

Action                   || total
-------------------------++-------
Melee: Unarmed           ||     6
       Short sword       ||     5
 Cast: Sandblast         ||    47
  Use: Potion            ||     1
 Stab: Sleeping          ||     1
Armor: Robe              ||     2
Dodge: Dodged            ||     9
Block: Other             ||     4

Table legend: (Time is in decaauts)
 A = Elapsed time spent in this place.
 B = Non-inter-level travel time spent in this place.
 C = Inter-level travel time spent in this place.
 D = Time resting spent in this place.
 E = Time spent auto-exploring this place.
 F = Levels seen in this place.
 G = Mean time per level.
                   A        B        C        D        E       F      G
               +--------+--------+--------+--------+--------+-----+--------+
         Total |   1348 |   1334 |     14 |      0 |   1136 |   2 |  674.0 |
       Dungeon |   1348 |   1334 |     14 |      0 |   1136 |   2 |  674.0 |
               +--------+--------+--------+--------+--------+-----+--------+

Top non-repeatable levels by time:
     D:1: 1091 daAuts
     D:2: 257 daAuts
